 Dungeon Crawl Stone Soup version 0.30-a0-939-gc8157cb160 (webtiles) character file.

Game seed: 13188543259193839617

57 112233 the Ducker (level 3, 0/27 HPs)
             Began as a Demonspawn Wanderer on Mar 25, 2023.
             Slain by an adder (2 damage)
             ... on level 3 of the Dungeon.
             The game lasted 00:02:34 (2456 turns).

112233 the Ducker (Demonspawn Wanderer)             Turns: 2456, Time: 00:02:34

Health: 0/27       AC:  4    Str: 12    XL:     3   Next: 73%
Magic:  3/5        EV: 12    Int: 13    God:
Gold:   120        SH:  0    Dex: 14    Spells: 4/5 levels left

rFire   . . .      SeeInvis .    a - +2 mace
rCold   . . .      Faith    .    (no shield)
rNeg    . . .      Spirit   .    d - +0 leather armour
rPois   .          Reflect  .    (helmet restricted)
rElec   .          Rampage  .    (no cloak)
rCorr   .                        (no gloves)
Will    .....                    b - +0 pair of boots
Stlth   +                        (no amulet)
HPRegen 0.24/turn                (no ring)
MPRegen 0.09/turn                (no ring)

@: lethally poisoned (0 -> -4), attractive, hasted, very quick
A: horns 1, foul stench 1
a: no special abilities


You were on level 3 of the Dungeon.
You visited 1 branch of the dungeon, and saw 3 of its levels.

You collected 120 gold pieces.

Inventory:

Hand Weapons
 a - a +2 mace (weapon)
Armour
 b - a +0 pair of boots (worn)
 d - a +0 leather armour (worn)
Jewellery
 n - an amulet of the acrobat
Scrolls
 f - 3 scrolls of identify {unknown}
 g - a scroll of poison {unknown}
 h - a scroll of teleportation {unknown}
 i - a scroll of torment {unknown}
 j - a scroll of amnesia {unknown}
 k - 2 scrolls of enchant armour {unknown}
 l - 2 scrolls of summoning {unknown}
 p - a scroll of blinking {unknown}
Potions
 c - a potion of berserk rage
 e - 3 potions of attraction
 m - a potion of haste
 o - 2 potions of heal wounds {unknown}
 q - 2 potions of degeneration {unknown}
 r - a potion of mutation {unknown}


   Skills:
 + Level 2.0 Fighting
 - Level 1.7 Maces & Flails
 - Level 1.0 Throwing
 - Level 1.0 Armour
 + Level 2.4 Dodging
 + Level 1.8 Spellcasting
 + Level 2.3 Fire Magic


You had 4 spell levels left.
You knew the following spells:

 Your Spells              Type           Power      Damage    Failure   Level
a - Foxfire               Conj/Fire      16%        2x1d4     21%         1

Your spell library contained the following spells:

 Spells                   Type           Power      Damage    Failure   Level
 Beastly Appendage        Tmut           2%         N/A       32%         1
 Kindle Blastsparks       Fire/Tloc/Air  6%         2d10      58%         3
 Ozocubu's Armour         Ice            1%         N/A       69%         3
 Irradiate                Conj/Tmut      0%         3d11      100%        5
 Ozocubu's Refrigeration  Ice            0%         4d7       100%        7


Dungeon Overview and Level Annotations

Branches:
Dungeon (3/15)

Altars:


Innate Abilities, Weirdness & Mutations

You have a pair of small horns on your head.
You may rarely emit foul miasma when damaged in melee.


Message History

The adder closely misses you. The adder barely misses you.
Unknown command.
You closely miss the adder. Your headbutt misses the adder.
The adder is moderately wounded.
The adder bites you but does no damage. x2
You hit the adder but do no damage.
The adder is moderately wounded.
The adder closely misses you. x2
You sock the adder!
The adder is almost dead.
The adder barely misses you.
Unknown command.
You miss the adder.
The adder is almost dead.
The adder bites you.
You are poisoned.
The adder poisons you! The adder bites you.
You closely miss the adder. Your headbutt misses the adder.
The adder is almost dead.
You feel sick. The adder closely misses you. The adder barely misses you.
You closely miss the adder.
The adder is almost dead.
You feel sick. The adder bites you but does no damage.
You barely miss the adder.
The adder is almost dead.
You feel sick. The adder bites you but does no damage. The adder bites you.
* * * LOW HITPOINT WARNING * * *
You are lethally poisoned!
The adder poisons you!
Unknown command.
It was a potion of attraction.
You feel attractive to monsters.
* * * LOW HITPOINT WARNING * * *
You feel sick. The adder bites you.
* * * LOW HITPOINT WARNING * * *
Unknown command.
It was a potion of haste.
You feel yourself speed up.
* * * LOW HITPOINT WARNING * * *
You feel sick. The adder bites you.
You die...

...#.##
#.###.###### .##
##.....#
#.###.####.######
##.#.## #......#
....## #......#
#<..## #.[....#
.....## ##.....##
......## #.....@#
.).....# #...##S#
.......+.......#.#
.......####....#)#
......## ##.#.#.#
.....## #. .#.#
#...## #.....#
##'## ###.### .#.#
#.


You could see an adder.

Vanquished Creatures
  An adder (D:2)
  6 bats
  8 endoplasms
  A giant cockroach (D:2)
  3 goblins
  4 hobgoblins
  2 jackals (D:1)
  4 kobolds
  2 quokkas (D:2)
  5 ball pythons
  2 frilled lizards
  7 rats
45 creatures vanquished.

Vanquished Creatures (others)
  104 foxfires
104 creatures vanquished.

Grand Total: 149 creatures vanquished

Notes
Turn   | Place    | Note
-------+----------+-------------------------------------------
     0 | D:1      | 112233 the Demonspawn Wanderer began the quest for the Orb.
     0 | D:1      | 112233 set off with the following items: a +2 mace, a +0
                  | pair of boots, a potion of berserk rage, a +0 leather
                  | armour; and the following spell memorised: Foxfire; and the
                  | following spells available to memorise: Kindle Blastsparks.
     0 | D:1      | Reached XP level 1. HP: 15/15 MP: 2/2
   222 | D:1      | Gained mutation: You have a pair of small horns on your
                  | head. [demonic ancestry]
   222 | D:1      | Reached XP level 2. HP: 20/21 MP: 1/3
  1137 | D:2      | Gained mutation: You may rarely emit foul miasma when
                  | damaged in melee. [demonic ancestry]
  1137 | D:2      | Reached XP level 3. HP: 27/27 MP: 2/5
  2037 | D:2      | Got the Octavo of Variation
  2456 | D:3      | Slain by an adder

Illustrated notes

Levels and vault maps discovered:
D:1:      elethiomel_arrival_shortcut, layout_basic,
          nicolae_kite_square_tiling_tiny
D:2:      layout_loops_corners, amcnicky_mini_pool_small, st_stairs_9
D:3:      layout_loops_corners, gup_sewer_entry_bowl, minmay_misc_feat_tower

Skill      XL: |  1  2  3 |
---------------+----------+-----
Dodging        | 2 |  2.4
Fire Magic     | 2 |  2.3
Fighting       | 2 |  2.0
Maces & Flails | |  1.7
Throwing       | |  1.0
Armour         | |  1.0
Spellcasting   | |  1.8

Action                     || total
---------------------------++-------
  Melee: Mace              ||    57
         Headbutt          ||     5
   Cast: Foxfire           ||    66
    Use: Potion            ||     2
   Stab: Sleeping          ||     1
 Armour: Leather armour    ||    30
  Dodge: Dodged            ||    60

Table legend: (Time is in decaauts)
 A = Elapsed time spent in this place.
 B = Non-inter-level travel time spent in this place.
 C = Inter-level travel time spent in this place.
 D = Time resting spent in this place.
 E = Time spent auto-exploring this place.
 F = Levels seen in this place.
 G = Mean time per level.
                   A        B        C        D        E       F      G
               +--------+--------+--------+--------+--------+-----+--------+
         Total |   2473 |   2400 |     73 |      0 |   2066 |   3 |  824.3 |
       Dungeon |   2473 |   2400 |     73 |      0 |   2066 |   3 |  824.3 |
               +--------+--------+--------+--------+--------+-----+--------+

Top non-repeatable levels by time:
     D:2: 1398 daAuts
     D:1: 893 daAuts
     D:3: 181 daAuts
